Map: Prion Terraces

Players

Pokebunny - Winner!

  • Race: Terran Terran
  • League: Grandmaster

NoRegreT

  • Race: Zerg Zerg
  • League: Grandmaster

VOD

Have the link to the VOD?

Description

Time

  • Played on: April 7, 2016, 7:43 p.m.
  • Length: 7:40
Show
View Real Time Build Order
Export as new Build Order

Pokebunny Terran - Winner!

Build Orders: Reaper Expand, MMM Bio 

Get SALT Encoding   

  12  0:01  SCV  
  13  0:13  SCV  
  14  0:17  Supply Depot  
  14  0:25  SCV  
  15  0:38  SCV  
  15  0:39  Barracks  
  16  0:44  Refinery  
  16  0:51  SCV  
  17  1:03  SCV  
  18  1:15  SCV  
  19  1:27  Orbital Command  
  19  1:28  Reaper  
  20  1:40  Command Center  
  20  1:49  Supply Depot  
  20  1:52  SCV  
  21  2:00  Barracks Reactor  
  21  2:07  SCV  
  22  2:10  Barracks  
  22  2:19  SCV  
  22  2:20  Barracks  
  23  2:31  SCV  
  24  2:38  Marine x2  
  24  2:40  Refinery  
  26  2:49  SCV  
  27  2:53  Orbital Command  
  27  2:57  Marine x2  
  29  3:00  Barracks Tech Lab  
  29  3:07  Factory  
  29  3:22  Marine x4, Stimpack  
  33  3:30  SCV x2  
  35  3:40  Supply Depot  
  35  3:42  SCV x2  
  35  3:43  Marine x4  
  41  3:54  Factory Reactor, Starport  
  41  3:57  SCV x2  
  43  4:03  Supply Depot  
  43  4:08  Supply Depot  
  43  4:09  Marine x3  
  43  4:10  Marine  
  43  4:16  Engineering Bay  
  43  4:17  SCV  
  47  4:19  SCV  
  48  4:29  Marine x4  
  52  4:38  Barracks  
  52  4:41  Factory Tech Lab, Medivac  
  52  4:44  Barracks  
  54  4:47  Marine x4  
  54  4:51  Supply Depot  
  58  4:55  Terran Infantry Weapons Level 1  
  58  4:58  Medivac  
  60  5:02  Siege Tank  
  60  5:04  SCV  
  64  5:09  Supply Depot, Marine x2  
  64  5:11  Barracks Reactor  
  66  5:14  Marine  
  66  5:16  SCV  
  66  5:17  SCV  
  69  5:23  Refinery  
  69  5:26  Marine  
  69  5:28  Supply Depot, SCV  
  70  5:29  SCV  
  72  5:37  Siege Tank  
  72  5:39  Marine x4  
  79  5:44  SCV x2  
  80  5:56  Medivac  
  82  5:59  Marine x2  
  82  6:00  Marine x3  
  82  6:03  Supply Depot  
  87  6:05  Marine x2  
  87  6:06  Combat Shields  
  89  6:17  Marine x3  
  89  6:18  Marine  
  87  6:21  Marine  
  87  6:23  Marine  
  87  6:24  Supply Depot  
  89  6:27  Siege Tank, Marine  
  93  6:35  Marine x2  
  86  6:40  Marine  
  86  6:41  Marine x2  
  86  6:42  Marine  
  86  6:43  Medivac  
  86  6:45  Marine  
  93  7:01  Marine x4  
  92  7:04  Medivac  
  92  7:06  Marine  
  92  7:07  Marine x2  
  101  7:12  Command Center  
  101  7:19  Marine x3  
Show
View Real Time Build Order
Export as new Build Order

NoRegreT Zerg 

Build Orders: 3 Hatch before Pool 

Get SALT Encoding   

  12  0:02  Drone  
  13  0:08  Drone  
  14  0:23  Drone x2, Extractor x2  
  14  0:27  Overlord  
  16  0:50  Hatchery  
  16  0:51  Drone  
  16  0:55  Drone  
  17  0:58  Drone  
  18  1:20  Hatchery  
  17  1:32  Spawning Pool  
  16  1:35  Extractor  
  16  1:36  Drone  
  16  1:40  Drone  
  16  1:43  Drone  
  18  1:50  Drone  
  19  2:02  Drone  
  19  2:06  Drone  
  21  2:12  Drone  
  22  2:19  Zergling x2, Queen  
  22  2:20  Queen  
  27  2:27  Zergling x2  
  27  2:36  Spore Crawler, Metabolic Boost  
  26  2:44  Drone x2  
  26  2:48  Drone x2  
  29  2:53  Drone  
  29  2:55  Drone  
  32  3:05  Queen  
  32  3:09  Overlord  
  33  3:23  Drone  
  34  3:31  Zergling x2  
  34  3:32  Zergling x2  
  34  3:34  Drone x4  
  38  3:36  Drone x2, Overlord  
  38  3:41  Baneling Nest  
  41  3:43  Drone, Extractor  
  41  3:45  Drone  
  42  3:54  Overlord, Queen  
  44  4:01  Drone x4  
  48  4:08  Drone  
  48  4:10  Drone  
  48  4:13  Lair  
  49  4:17  Zergling x6  
  49  4:18  Zergling x2, Evolution Chamber  
  52  4:27  Zergling x6  
  52  4:29  Zergling x4  
  57  4:37  Overlord  
  57  4:41  Overlord  
  57  4:45  Zerg Melee Weapons Level 1  
  57  4:49  Drone, Evolution Chamber  
  57  4:55  Queen x2  
  57  4:56  Drone x2  
  57  4:57  Drone  
  57  4:58  Drone  
  65  5:00  Extractor  
  65  5:01  Drone x5, Extractor  
  65  5:03  Drone  
  65  5:04  Drone, Baneling  
  65  5:06  Zergling x2, Baneling  
  71  5:08  Zergling x2  
  71  5:09  Zergling x2  
  73  5:14  Zerg Ground Armor Level 1  
  73  5:18  Zergling x6  
  74  5:29  Baneling x3  
  74  5:30  Baneling x3  
  74  5:32  Overlord  
  74  5:38  Overlord  
  74  5:46  Overlord  
  74  5:48  Zergling x4  
  72  5:51  Zergling x4  
  72  5:52  Zergling x4  
  72  5:53  Zergling x6  
  72  5:54  Zergling x2  
  72  5:56  Zergling x2, Centrifical Hooks  
  79  6:00  Zergling x2  
  79  6:03  Zergling x2  
  82  6:04  Zergling x6  
  82  6:05  Zergling x2  
  80  6:16  Zergling x2  
  80  6:17  Zergling x4  
  79  6:18  Baneling  
  79  6:19  Baneling  
  79  6:20  Zergling x6  
  79  6:21  Zergling x4, Spire  
  79  6:22  Zergling x2, Extractor  
  83  6:31  Zergling x2  
  86  6:38  Zergling x4  
  67  6:41  Zergling x2  
  67  6:42  Baneling x4  
  67  6:43  Zergling x2, Baneling  
  67  6:44  Baneling x7  
  67  6:45  Zergling x2  
  69  6:49  Zergling x2  
  63  6:54  Zergling x2  
  63  6:55  Zergling x8  
  63  6:56  Zergling x6  
  61  7:01  Hatchery  
  61  7:02  Zergling x2  
  61  7:06  Zergling x2  
  61  7:12  Zergling x2  
  62  7:17  Zergling x2  
Tags
 
Add a new tag
Caveats
  • Supply blocks, unpowered buildings, or Contaminate may cause inaccurate times.
  • Supply counts are checked every 10 seconds.